Map: Dusk Towers

Players

SpaceMarine

  • Race: Protoss Protoss
  • League: Grandmaster

MythiC - Winner!

  • Race: Terran Terran
  • League: Grandmaster

VOD

Have the link to the VOD?

Description

Time

  • Played on: Jan. 10, 2016, 5:51 p.m.
  • Length: 20:01
Show
View Real Time Build Order
Export as new Build Order

SpaceMarine Protoss 

Build Orders: 1 Gate Expand, Double Forge 

Get SALT Encoding   

  12  0:01  Probe (Chrono Boost)  
  13  0:11  Probe (Chrono Boost)  
  14  0:18  Pylon  
  14  0:22  Probe (Chrono Boost)  
  15  0:36  Gateway, Probe (Chrono Boost)  
  15  0:41  Assimilator  
  16  0:47  Probe (Chrono Boost)  
  17  0:57  Probe (Chrono Boost)  
  18  1:08  Probe (Chrono Boost)  
  19  1:19  Nexus  
  19  1:29  Cybernetics Core  
  19  1:31  Probe (Chrono Boost)  
  20  1:40  Assimilator  
  20  1:42  Probe (Chrono Boost)  
  20  1:47  Pylon  
  21  1:52  Probe (Chrono Boost)  
  22  2:05  Warp Gate (Chrono Boost)  
  22  2:06  Mothership Core (Chrono Boost)  
  22  2:07  Adept  
  26  2:24  Probe (Chrono Boost)  
  27  2:33  Robotics Facility, Probe (Chrono Boost)  
  27  2:34  Probe (Chrono Boost)  
  29  2:43  Probe (Chrono Boost)  
  30  2:45  Probe (Chrono Boost)  
  31  2:54  Probe (Chrono Boost)  
  31  2:55  Probe (Chrono Boost)  
  33  3:00  Gateway  
  33  3:02  Gateway  
  33  3:05  Probe (Chrono Boost)  
  34  3:06  Probe (Chrono Boost)  
  35  3:14  Probe (Chrono Boost)  
  35  3:16  Probe  
  37  3:20  Warp Prism (Chrono Boost)  
  37  3:24  Pylon  
  37  3:26  Probe  
  40  3:29  Probe  
  41  3:38  Probe  
  41  3:41  Probe (Chrono Boost)  
  43  3:46  Forge  
  43  3:48  Forge  
  43  3:50  Probe (Chrono Boost)  
  43  3:55  Probe (Chrono Boost)  
  45  3:57  Observer  
  45  3:58  Assimilator  
  45  4:01  Probe (Chrono Boost)  
  45  4:02  Assimilator  
  47  4:06  Probe (Chrono Boost)  
  47  4:08  Pylon  
  48  4:11  Protoss Ground Weapons Level 1 (Chrono Boost), Pylon  
  48  4:12  Probe (Chrono Boost)  
  48  4:16  Probe (Chrono Boost)  
  48  4:20  Protoss Ground Armor Level 1 (Chrono Boost)  
  48  4:22  Adept  
  48  4:23  Adept  
  53  4:25  Adept  
  53  4:27  Probe (Chrono Boost)  
  55  4:32  Probe (Chrono Boost)  
  60  4:39  Observer (Chrono Boost)  
  57  4:47  Nexus  
  57  4:49  Pylon  
  57  4:57  Probe x2  
  59  5:00  Immortal (Chrono Boost)  
  63  5:09  Probe x2  
  65  5:14  Gateway  
  65  5:15  Adept, Sentry x2  
  65  5:16  Gateway  
  65  5:21  Probe x2  
  60  5:33  Probe x2  
  58  5:37  Immortal (Chrono Boost)  
  62  5:45  Probe x2  
  64  5:57  Probe x2 (Chrono Boost)  
  64  5:59  Probe (Chrono Boost)  
  67  6:09  Probe x2 (Chrono Boost)  
  67  6:10  Probe (Chrono Boost)  
  70  6:15  Stalker x2  
  70  6:17  Stalker  
  76  6:19  Probe (Chrono Boost)  
  76  6:20  Probe (Chrono Boost)  
  76  6:21  Probe (Chrono Boost)  
  76  6:23  Twilight Council  
  79  6:30  Probe x2 (Chrono Boost)  
  79  6:31  Probe (Chrono Boost)  
  82  6:40  Probe (Chrono Boost)  
  82  6:41  Probe (Chrono Boost)  
  82  6:42  Probe (Chrono Boost)  
  82  6:45  Protoss Ground Armor Level 2, Protoss Ground Weapons Level 2  
  85  6:47  Assimilator  
  85  6:51  Probe x2 (Chrono Boost), Assimilator  
  85  6:52  Probe (Chrono Boost)  
  85  6:53  Pylon, Adept x2  
  85  6:54  Pylon  
  92  7:01  Resonating Glaives (Chrono Boost), Probe (Chrono Boost)  
  93  7:09  Pylon  
  93  7:11  Probe x2  
  93  7:13  Probe  
  96  7:22  Stalker x3  
  98  7:24  Probe  
  98  7:25  Probe  
  98  7:29  Stalker  
  105  7:30  Stalker  
  105  7:33  Probe  
  105  7:34  Pylon  
  105  7:36  Probe  
  109  7:37  Gateway  
  109  7:40  Gateway  
  109  7:42  Templar Archives  
  109  7:45  Probe  
  109  7:46  Probe  
  109  7:47  Pylon  
  109  7:48  Probe  
  112  7:57  Probe  
  113  7:58  Adept x2  
  113  7:59  Adept x3  
  113  8:04  Pylon x2  
  122  8:23  Probe x3  
  122  8:26  Psionic Storm  
  125  8:30  Adept x4  
  133  8:35  Probe  
  133  8:38  Blink  
  133  8:40  High Templar x3  
  140  8:42  Nexus  
  140  8:43  Protoss Ground Armor Level 3, Protoss Ground Weapons Level 3  
  140  8:44  Pylon  
  140  8:47  Pylon  
  140  8:50  Immortal (Chrono Boost)  
  143  9:03  Probe x3  
  143  9:04  Pylon  
  143  9:06  High Templar x2  
  143  9:08  High Templar  
  152  9:15  Probe  
  153  9:20  Pylon  
  153  9:29  Observer (Chrono Boost)  
  154  9:34  Gateway x2  
  154  9:36  Gateway  
  154  9:38  Gateway  
  154  9:39  Pylon  
  154  9:40  Pylon  
  154  9:42  Pylon  
  154  9:46  Stalker x5  
  146  10:10  Adept x7  
  160  10:14  Archon  
  160  10:31  Adept x2  
  160  10:32  Adept x5  
  153  10:57  Stalker x3  
  153  10:58  Stalker x2  
  154  11:10  Pylon  
  152  11:12  Pylon  
  152  11:13  Immortal (Chrono Boost)  
  152  11:15  Stargate  
  156  11:20  Adept  
  156  11:21  Stalker x4, Adept x2  
  156  11:23  Charge (Chrono Boost)  
  170  11:27  Stalker x4  
  178  11:45  Photon Cannon  
  176  11:52  Stalker  
  176  11:53  Adept, Stalker x5  
  176  11:54  Adept x2  
  179  11:55  Adept  
  179  11:57  Stalker x4, Adept x3  
  175  12:07  Stalker  
  167  12:20  Probe x2  
  167  12:21  Probe  
  170  12:38  Pylon  
  170  12:39  Pylon, Probe  
  170  12:40  Pylon  
  161  12:54  Nexus  
  159  13:11  Adept x4  
  159  13:12  Adept  
  163  13:17  High Templar x2  
  163  13:18  High Templar x3  
  173  13:25  Probe x2  
  175  13:33  Stargate  
  175  13:34  Probe  
  175  13:35  Stargate  
  175  13:37  Probe x2  
  175  13:41  Assimilator  
  178  13:45  High Templar x3  
  178  13:46  Assimilator  
  178  13:47  Sentry  
  186  13:53  Adept x2  
  188  14:00  Nexus  
  188  14:02  Pylon  
  188  14:11  Pylon  
  188  14:21  Fleet Beacon  
  188  14:22  Pylon  
  183  14:34  Zealot x3  
  183  14:35  Zealot x2  
  183  14:59  Pylon  
  183  15:03  High Templar  
  183  15:04  Tempest x2 (Chrono Boost)  
  183  15:07  Pylon  
  193  15:09  Pylon  
  193  15:10  Pylon  
  193  15:17  High Templar, Zealot x2  
  199  15:26  Photon Cannon  
  199  15:28  Photon Cannon  
  199  15:30  Photon Cannon  
  199  15:31  Photon Cannon  
  199  15:37  Protoss Air Weapons Level 1  
  199  15:38  Photon Cannon  
  199  15:40  Photon Cannon  
  199  15:42  Zealot  
  178  16:03  Zealot x3  
  178  16:04  Zealot x3  
  168  16:17  Stalker x3  
  168  16:18  Stalker x2  
  172  16:19  Tempest x2 (Chrono Boost)  
  152  16:38  High Templar x2  
  152  16:39  High Templar x2, Sentry  
  162  16:54  Pylon  
  162  16:56  Tempest x2 (Chrono Boost)  
  136  17:13  Observer  
  125  17:16  High Templar x2  
  125  17:20  Zealot x9  
  145  17:35  Observer  
  145  17:36  Robotics Facility  
  146  17:38  Robotics Facility, Assimilator  
  146  17:39  Assimilator  
  146  17:44  Stalker x6  
  146  17:45  Stalker x2  
  146  17:49  High Templar  
  146  17:50  Zealot x2  
  164  18:11  High Templar, Zealot x2  
  164  18:12  Zealot  
  168  18:22  Stalker x2  
  156  18:33  Zealot x7  
  112  18:43  Zealot  
  112  18:44  Zealot, Archon  
  112  18:46  Zealot x2  
  107  18:53  Zealot x4  
  107  18:54  Immortal, Zealot x2  
  107  19:00  Zealot  
  104  19:05  Probe x3  
  104  19:13  High Templar x2  
  106  19:17  Probe x3  
  106  19:22  Zealot  
  111  19:29  Probe x3  
  100  19:41  Probe  
  87  19:51  Archon  
  77  19:53  Zealot x4  
  77  19:54  Zealot x2  
Show
View Real Time Build Order
Export as new Build Order

MythiC Terran - Winner!

Build Orders:  

Get SALT Encoding   

  12  0:00  SCV  
  13  0:13  SCV  
  14  0:17  Supply Depot  
  14  0:25  SCV  
  15  0:39  SCV  
  15  0:41  Barracks  
  16  0:48  Refinery  
  16  0:51  SCV  
  17  1:03  SCV  
  18  1:15  SCV  
  19  1:28  Orbital Command  
  19  1:32  Barracks Reactor  
  19  1:43  Command Center  
  19  1:53  Supply Depot, SCV  
  20  2:06  SCV  
  21  2:10  Marine x2  
  23  2:16  Factory  
  23  2:18  SCV  
  23  2:21  Refinery  
  24  2:28  Marine x2  
  26  2:30  SCV  
  27  2:42  SCV  
  28  2:47  Marine x2  
  30  2:54  SCV  
  30  2:57  Orbital Command  
  31  3:02  Widow Mine  
  31  3:04  Starport  
  31  3:05  Marine x2  
  34  3:06  SCV  
  36  3:18  SCV  
  37  3:23  Marine x2  
  37  3:24  SCV  
  40  3:30  SCV  
  40  3:31  Widow Mine  
  43  3:36  SCV  
  43  3:37  Supply Depot  
  44  3:44  Supply Depot, SCV  
  44  3:48  Marine  
  46  3:59  SCV x2, Medivac, Marine  
  51  4:06  Marine  
  52  4:11  Factory Tech Lab, SCV  
  52  4:15  SCV  
  52  4:17  Marine  
  54  4:21  Command Center  
  54  4:23  SCV  
  56  4:25  Refinery  
  56  4:26  Marine  
  56  4:28  Liberator, Refinery, SCV  
  58  4:36  SCV, Marine  
  62  4:43  Supply Depot  
  62  4:45  Cyclone  
  65  4:48  Supply Depot  
  65  4:51  SCV  
  64  4:56  Marine  
  64  4:57  Marine  
  63  5:05  Engineering Bay  
  62  5:07  SCV  
  62  5:12  SCV  
  64  5:17  Marine x2  
  66  5:25  SCV  
  65  5:31  Siege Tank  
  65  5:33  Liberator, SCV  
  66  5:37  Marine x2  
  66  5:40  SCV  
  69  5:45  Orbital Command  
  69  5:46  SCV  
  66  5:53  SCV  
  70  5:58  SCV  
  70  6:02  Marine x2  
  73  6:05  SCV  
  73  6:11  SCV x2  
  75  6:15  Siege Tank  
  79  6:21  Marine x2  
  79  6:22  SCV, Barracks  
  79  6:23  SCV  
  79  6:24  Barracks  
  83  6:25  SCV  
  84  6:33  Supply Depot  
  84  6:34  SCV  
  84  6:35  SCV, Starport Reactor  
  84  6:36  Starport Tech Lab  
  87  6:42  Orbital Command  
  86  6:47  Marine x2  
  86  6:49  Terran Infantry Weapons Level 1  
  86  6:52  Barracks x2  
  86  6:53  SCV x2  
  90  7:02  Starport Reactor  
  90  7:05  Marine  
  90  7:08  SCV x3  
  93  7:14  Marine  
  95  7:16  Factory Reactor  
  95  7:20  SCV  
  95  7:22  Marauder, SCV  
  99  7:23  Marine  
  99  7:26  Marauder  
  102  7:30  Stimpack  
  102  7:31  Supply Depot, SCV  
  102  7:32  Refinery, SCV  
  102  7:34  Supply Depot  
  102  7:36  SCV  
  105  7:39  Barracks Reactor x2  
  105  7:41  Barracks Tech Lab  
  105  7:43  SCV, Marine x2  
  108  7:44  SCV  
  108  7:49  Barracks  
  108  7:51  Barracks  
  109  7:53  Supply Depot, Bunker, SCV  
  109  7:55  Supply Depot, Marauder x2, Widow Mine x2  
  118  7:58  Medivac  
  120  8:06  Marauder  
  120  8:08  Medivac  
  124  8:14  Marine  
  124  8:15  Marine  
  124  8:17  Marauder x2  
  124  8:18  SCV x2  
  124  8:19  Supply Depot, SCV  
  133  8:20  Supply Depot  
  133  8:22  Combat Shields  
  133  8:28  Marauder  
  133  8:29  Marine x2  
  133  8:32  Marine  
  133  8:33  Widow Mine  
  140  8:35  SCV  
  140  8:38  Barracks Tech Lab x2  
  140  8:40  Supply Depot, Widow Mine  
  140  8:41  Marauder, SCV x2, Medivac  
  149  8:45  Marine  
  149  8:46  Marauder, Medivac  
  149  8:47  Marine  
  149  8:48  SCV  
  156  8:54  Marine  
  157  8:55  Terran Infantry Armor Level 1  
  157  9:01  Marine x2  
  157  9:02  Marauder x2, SCV  
  164  9:08  Marine  
  165  9:15  Armory  
  165  9:17  Engineering Bay  
  165  9:35  Concussive Shells  
  165  9:59  Marauder, Marine x4  
  165  10:01  Marine  
  164  10:17  Marine  
  165  10:37  Marine  
  165  10:38  Medivac  
  165  10:44  Marauder  
  165  10:45  Marauder  
  165  10:46  Widow Mine, Marine x2  
  165  10:49  Terran Infantry Weapons Level 2, Medivac, Marine  
  165  10:56  Widow Mine, Marine  
  165  10:58  Marauder, Starport  
  165  10:59  Marauder x2, Barracks, Command Center  
  165  11:03  Marine  
  154  11:04  Marine  
  154  11:05  Marauder  
  154  11:06  Marauder  
  154  11:07  Marine  
  154  11:08  Medivac  
  154  11:09  Terran Infantry Armor Level 2  
  162  11:12  Terran Ship Weapons Level 1  
  162  11:14  Widow Mine  
  162  11:15  Reaper  
  165  11:38  Widow Mine  
  165  11:47  Marauder, Marine  
  165  11:48  Marine x5  
  165  11:49  Marauder, Medivac x2  
  165  11:50  Marauder  
  161  11:55  Widow Mine  
  158  12:05  Marauder  
  158  12:06  Marauder, Marine x4  
  158  12:07  Liberator, Widow Mine  
  163  12:09  Marauder, Marine  
  163  12:11  Marauder  
  163  12:13  Starport Reactor  
  146  12:19  Medivac, Barracks Tech Lab  
  139  12:23  Marine x3  
  139  12:24  Widow Mine, Marine  
  139  12:27  Marauder x2  
  139  12:28  Marauder  
  154  12:30  Marauder  
  154  12:32  Liberator, Marine  
  154  12:35  Bunker  
  157  12:41  Marauder, Marine x3  
  157  12:42  Marine  
  154  12:48  Marauder  
  154  12:49  Marauder, Marine  
  154  12:50  Marauder  
  159  12:51  Marine  
  159  12:54  Medivac x2  
  162  12:59  Marine x3  
  162  13:03  Marine  
  162  13:04  Marauder  
  160  13:06  Marine  
  160  13:08  Terran Infantry Weapons Level 3  
  160  13:09  Marauder, Marine x2  
  165  13:16  Orbital Command  
  165  13:33  Marine x5  
  165  13:34  Refinery, Marauder x4, Marine  
  179  13:44  Terran Infantry Armor Level 3  
  179  13:45  Widow Mine  
  181  13:52  Supply Depot x2  
  181  13:56  Liberator x2  
  181  13:57  Command Center  
  181  13:59  Missile Turret  
  181  14:07  Liberator  
  181  14:08  Missile Turret  
  181  14:12  Marine x2  
  181  14:13  Marauder x3, Widow Mine, Marine x2  
  197  14:22  Marauder, Marine  
  197  14:24  Marauder  
  197  14:30  Ghost Academy, Marine  
  196  14:31  Marine x2  
  196  14:35  Marine  
  196  14:37  Marine  
  197  14:46  Marauder, Marine  
  197  14:48  Marine  
  197  14:51  Liberator  
  197  15:14  Refinery x2  
  200  15:35  Liberator  
  200  15:36  Liberator  
  200  15:40  Marine  
  200  15:42  Marine x2  
  200  15:43  Marine  
  200  15:46  Marauder  
  200  15:48  Marauder  
  200  15:50  Marauder  
  200  15:51  Widow Mine  
  200  15:52  Marauder, Widow Mine  
  197  15:57  Marauder, Marine  
  197  15:58  Marine  
  197  15:59  Marine  
  197  16:04  Marine  
  185  16:07  Marauder  
  184  16:12  Marauder, Marine x2  
  184  16:17  Marauder, Marine x2  
  176  16:22  Marauder, Marine x2  
  149  16:34  Marauder, Marine x4  
  149  16:35  Medivac x2, Marine  
  149  16:38  Marine  
  149  16:39  Marine x2  
  144  16:40  Medivac x2  
  144  16:43  Planetary Fortress, Marauder  
  150  16:52  Marauder, Marine x3  
  150  16:53  Marauder  
  155  17:01  Marine  
  155  17:02  Marauder  
  155  17:05  Medivac  
  155  17:06  Marauder, Marine x2  
  149  17:09  Medivac, Marine  
  149  17:10  Marauder, Medivac, Marine  
  149  17:14  Medivac  
  151  17:20  Widow Mine x2  
  155  17:25  Marauder x3, Marine x3  
  155  17:29  Missile Turret  
  164  17:30  Marine x2  
  164  17:31  Marauder  
  164  17:35  Medivac  
  170  17:39  Medivac  
  170  17:40  Marauder  
  170  17:43  Marine x3  
  177  17:46  Marauder, Marine x2  
  177  17:48  Widow Mine  
  177  17:49  Medivac x2  
  183  17:59  Marine  
  183  18:00  Marauder  
  183  18:05  Marine x3  
  181  18:06  Marine x2  
  181  18:07  Marauder  
  181  18:09  Medivac  
  181  18:12  Widow Mine  
  188  18:17  Marine  
  183  18:26  Marauder, Marine x2  
  169  18:28  Marine x2  
  169  18:29  Marauder  
  163  18:38  Marauder, Marine  
  163  18:40  Marine x2  
  164  18:46  Marine x3  
  163  18:51  Marine  
  163  18:52  Marine x2  
  163  18:54  Medivac x2  
  145  18:55  Marine  
  145  18:58  Marine x2  
  145  18:59  Marine  
  145  19:04  Marine x3  
  145  19:09  Marine  
  150  19:11  Marine x2  
  150  19:12  Command Center  
  150  19:13  Marine  
  150  19:15  Widow Mine  
  150  19:16  Marauder, Widow Mine, Marine  
  154  19:17  Marine  
  154  19:22  Marine x3  
  160  19:27  Marine  
  160  19:29  Marauder, Marine  
  156  19:32  Marauder  
  156  19:34  Marine  
  156  19:37  Marauder, Marine  
  161  19:40  Marine x3  
Tags
 
Add a new tag
Caveats
  • Supply blocks, unpowered buildings, or Contaminate may cause inaccurate times.
  • Supply counts are checked every 10 seconds.